 Dungeon Crawl Stone Soup version 0.31-a0-321-g19405a7a6a (webtiles) character file.

Game seed: 12302693249152519990

11 lunkers the Changeling (level 2, 0/24 HPs)
             Began as a Meteoran Shapeshifter on July 17, 2023.
             Slain by a kobold
             ... wielding a +0 short sword
              (3 damage)
             ... on level 1 of the Dungeon.
             The game lasted 00:00:29 (85 turns).

lunkers the Changeling (Meteoran Shapeshifter)        Turns: 85, Time: 00:00:30

Health: 0/24       AC:  2    Str: 16    XL:     2   Next: 58%
Magic:  3/3        EV: 12    Int:  9    God:
Gold:   19         SH:  0    Dex: 14    Spells: 1/1 levels left

rFire   . .          .
                       - Unarmed
rCold   . . .        (no shield)
rNeg    . . .        a - +0 animal skin
rPois   .            (helmet currently unavailable)
rElec   .            (cloak currently unavailable)
rCorr   .            (gloves currently unavailable)
SInv    .            (boots currently unavailable)
Will    .....        (no amulet)
Stlth   +            (no ring)
HPRegen 0.24/turn    (no ring)
MPRegen 0.08/turn

%: no passive effects
@: beast-form, glowing
A: beast (slay +2), sense surroundings 1, otherworldly, glowing, explore regen
a: Begin Untransformation


You were on level 1 of the Dungeon.
You were a hulking beast.
You visited 1 branch of the dungeon, and saw 1 of its levels.

You collected 19 gold pieces.

Inventory:

Armour
 a - a +0 animal skin (worn)
Talismans
 c - a beast talisman
Potions
 b - a potion of lignification


   Skills:
 - Level 2.1 Fighting
 - Level 2.4 Dodging
 + Level 3.5 Unarmed Combat
 - Level 3.6 Shapeshifting


You had one spell level left.
You didn't know any spells.
Your spell library was empty.

Dungeon Overview and Level Annotations

Branches:
Dungeon (1/15) Zot: 515

Altars:


Innate Abilities, Weirdness & Mutations

You are a hulking beast.
Your limbs bulge with bestial killing power. (Slay +2)
You passively map a small area around you.
You are easily found by Zot.
You glow in the dark.
You regain HP and MP as you explore.


Message History

The jackal misses you. The kobold hits you but does no damage.
The jackal attacks as you move away!
The jackal bites you but does no damage.
The jackal attacks as you move away! The jackal closely misses you.
The kobold attacks as you move away! The kobold hits you but does no damage.
The kobold attacks as you move away! The kobold hits you with a +0 whip.
* * * LOW HITPOINT WARNING * * *
The kobold misses you. The kobold attacks as you move away!
The kobold hits you with a +0 short sword.
* * * LOW HITPOINT WARNING * * *
The kobold attacks as you move away! The kobold misses you.
The kobold attacks as you move away! The kobold hits you with a +0 whip.
* * * LOW HITPOINT WARNING * * *
You miss the jackal.
The jackal bites you but does no damage.
The kobold completely misses you.
Unknown command.
You hit the jackal.
The jackal is heavily wounded.
The jackal misses you. The jackal bites you.
* * * LOW HITPOINT WARNING * * *
Unknown command.
You barely miss the jackal.
The jackal is heavily wounded.
The jackal bites you but does no damage.
The kobold hits you but does no damage.
A goblin comes into view. It is wielding a +0 dagger.
Unknown command.
You hit the jackal.
The jackal is almost dead.
The jackal closely misses you. The kobold hits you with a +0 whip.
* * * LOW HITPOINT WARNING * * *
You hit the jackal.
You kill the jackal!
The kobold hits you but does no damage.
Unknown command.
You barely miss the kobold. The kobold closely misses you.
The kobold hits you with a +0 short sword.
You die...

######^#p#########...###...# ,,
.....#####e#^#.....>.#^#...#,
.........#####.###...###...#
.#######.......#^##+####††.##.#
##h#o#^############.#.........#
, 6#######g#B#p#g#
#......)....... ##
###########l###.........., ***
###K.#...#.....$.. * ,
#.hKh..#.#..##...#, *
#..K###........... , * #..##
...##l...... , ....
...##,....... ....., #. ,....
,....... , ........ , , ,, *
.........., , , , ,, ,


You could see a jackal, 3 kobolds and a frilled lizard.

Vanquished Creatures
  2 giant cockroaches (D:1)
  2 hobgoblins (D:1)
  A jackal (D:1)
  A ball python (D:1)
  A bat (D:1)
  2 kobolds (D:1)
  2 rats (D:1)
11 creatures vanquished.

Notes
Turn   | Place    | Note
-------+----------+-------------------------------------------
     0 | D:1      | lunkers the Meteoran Shapeshifter began the quest for the
                  | Orb.
     0 | D:1      | Reached XP level 1. HP: 17/17 MP: 2/2
     0 | D:1      | Noticed a dwarf
     2 | D:1      | Noticed an octopode
     2 | D:1      | Noticed a demigod
     4 | D:1      | Noticed a ghoul
     4 | D:1      | Noticed a demonspawn
     7 | D:1      | Noticed a felid
    13 | D:1      | Noticed a demigod
    13 | D:1      | Noticed a dwarf
    15 | D:1      | Noticed an elf
    15 | D:1      | Noticed a formicid
    17 | D:1      | Noticed a tengu
    17 | D:1      | Noticed a demigod
    45 | D:1      | Reached XP level 2. HP: 13/24 MP: 3/3
    85 | D:1      | Slain by a kobold

Illustrated notes

Levels and vault maps discovered:
D:1:      shiori_arrival_whats_in_store_for_you, layout_rooms

Skill      XL: |  1 |
---------------+----+-----
Unarmed Combat | 3 |  3.5
Fighting       | |  2.1
Dodging        | |  2.4
Shapeshifting  | |  3.6

Action                     || total
---------------------------++-------
  Melee: Unarmed           ||    29
         Punch             ||     1
 Armour: Animal skin       ||    12
  Dodge: Dodged            ||    22

Table legend: (Time is in decaauts)
 A = Elapsed time spent in this place.
 B = Non-inter-level travel time spent in this place.
 C = Inter-level travel time spent in this place.
 D = Time resting spent in this place.
 E = Time spent auto-exploring this place.
 F = Levels seen in this place.
 G = Mean time per level.
                   A        B        C        D        E       F      G
               +--------+--------+--------+--------+--------+-----+--------+
         Total |     83 |     83 |      0 |      0 |     26 |   1 |   83.0 |
       Dungeon |     83 |     83 |      0 |      0 |     26 |   1 |   83.0 |
               +--------+--------+--------+--------+--------+-----+--------+

Top non-repeatable levels by time:
     D:1: 83 daAuts
